 Dungeon Crawl Stone Soup version 0.31-a0-263-ge8cad7f256 (webtiles) character file.

Game seed: 15587342218397042468

105 qw the Shooter (level 4, 0/26 HPs)
             Began as a Gargoyle Hexslinger on July 13, 2023.
             Slain by a kobold brigand
             ... wielding a +0 short sword
              (4 damage)
             ... in a sewer.
             The game lasted 00:00:54 (1706 turns).

qw the Shooter (Gargoyle Hexslinger)                Turns: 1706, Time: 00:00:55

Health: 0/26       AC: 11    Str: 11    XL:     4   Next: 83%
Magic:  5/5        EV: 10    Int: 14    God:
Gold:   143        SH:  0    Dex: 14    Spells: 4/5 levels left

rFire   + . .        Y - +1 sling
rCold   . . .        (no shield)
rNeg    + . .        f - +0 ring mail
rPois   inf          a - +2 helmet
rElec   +            (no cloak)
rCorr   .            (no gloves)
SInv    .            (no boots)
Will    .....        (no amulet)
Stlth   +            c - ring of protection from fire
HPRegen 0.24/turn    (no ring)
MPRegen 0.09/turn

%: no passive effects
@: no status effects
A: sickness immunity, AC +3, negative energy resistance 1, electricity
resistance, torment resistance 1, petrification resistance
a: no special abilities


You were in a sewer.
You visited 1 branch of the dungeon, and saw 3 of its levels.
You also visited: Sewer.

You collected 143 gold pieces.


Innate Abilities, Weirdness & Mutations

You are immune to sickness and miasma.
Your stone body is resilient. (AC +3)
You are immune to poison.
You resist negative energy. (rN+)
You are resistant to electric shocks. (rElec)
You are resistant to unholy torment.
You are immune to petrification.


   Skills:
 - Level 2.0 Fighting
 + Level 4.3 Ranged Weapons
 - Level 1.1 Armour
 - Level 1.5 Dodging
 - Level 1.0 Spellcasting
 - Level 2.6 Hexes


You had 4 spell levels left.
You knew the following spells:

 Your Spells              Type           Power      Damage    Failure   Level
a - Slow                  Hex            32%        N/A       21%         1

Your spell library contained the following spells:

 Spells                   Type           Power      Damage    Failure   Level
 Inner Flame              Hex/Fire       4%         N/A       71%         3
 Portal Projectile        Hex/Tloc       8%         N/A       71%         3
 Cause Fear               Hex            4%         N/A       90%         4

Inventory:

Hand Weapons
 Y - a +1 sling (weapon)
Armour
 a - a +2 helmet (worn)
 f - a +0 ring mail (worn)
Jewellery
 c - a ring of protection from fire (left hand)
Wands
 j - a wand of digging (5)
Scrolls
 g - 2 scrolls of identify
 n - a scroll of teleportation
Potions
 b - a potion of haste
 d - a potion of experience {unknown}
 i - a potion of might
 k - 2 potions of curing
 l - 2 potions of heal wounds
 m - a potion of lignification {unknown}
 p - a potion of mutation {unknown}

Dungeon Overview and Level Annotations

Branches:
Dungeon (3/15)              Sewer (1/1)

Altars:
Gozag
Kikubaaqudgha


Message History

The kobold brigand is lightly wounded.
The kobold brigand hits you with a +1 dagger of venom.
The kobold brigand closely misses you. The kobold hits you but does no damage.
The kobold closely misses you.
The kobold brigand hits you but does no damage.
You shoot a sling bullet.
The sling bullet hits the kobold brigand.
The kobold brigand is moderately wounded.
The kobold hits you with a +0 whip. The kobold brigand closely misses you.
The kobold hits you with a +0 dagger.
The kobold brigand splashes around in the water.
The kobold brigand hits you but does no damage.
The kobold hits you with a +0 dagger. The kobold hits you but does no damage.
You shoot a sling bullet.
The sling bullet hits the kobold brigand but does no damage.
The kobold brigand is moderately wounded.
The kobold brigand completely misses you.
The kobold brigand barely misses you. The kobold barely misses you.
The kobold hits you but does no damage.
You shoot a sling bullet.
The sling bullet hits the kobold brigand but does no damage.
The kobold brigand is moderately wounded.
The kobold brigand barely misses you. The kobold brigand closely misses you.
The kobold hits you but does no damage. x2
You shoot a sling bullet.
The sling bullet hits the kobold brigand.
The kobold brigand is moderately wounded.
The kobold brigand hits you with a +1 dagger of venom.
The kobold brigand hits you with a +0 short sword.
The kobold closely misses you. The kobold hits you but does no damage.
The kobold brigand hits you with a +1 dagger of venom.
You shoot a sling bullet.
The sling bullet hits the kobold brigand.
The kobold brigand is moderately wounded.
The kobold brigand hits you with a +0 short sword.
The kobold barely misses you. The kobold misses you.
The kobold brigand hits you with a +1 dagger of venom.
The kobold hits you but does no damage.
The kobold brigand hits you with a +0 short sword.
You die...

~~~ ~~ ~~~ ~~~
~#######~##############
~~P..~~~~~P~P.~~~#!...#
P~...~~~~~~....~KK..\.#
~.......~~P...~~@KK...#
..%.............K#!?..#
...%...%........## ####
................#
..............###
.....%....#####
#..####.### #### ###


You could see 2 kobold brigands and 3 kobolds.

Vanquished Creatures
  6 adders
  4 endoplasms
  5 giant cockroaches
  3 goblins (D:2)
  3 hobgoblins
  9 kobolds
  4 quokkas
  8 ball pythons
  4 bats
  A frilled lizard (D:1)
  3 rats (Sewer)
50 creatures vanquished.

Notes
Turn   | Place    | Note
-------+----------+-------------------------------------------
     0 | D:1      | qw the Gargoyle Hexslinger began the quest for the Orb.
     0 | D:1      | Reached XP level 1. HP: 12/12 MP: 2/2
     0 | D:1      | 0 ||| qw: Version: 0.3-a-52-g30416fa
     0 | D:1      | 0 ||| qw: Game counter: 7360
     0 | D:1      | 0 ||| qw: Melee chars always use a shield: true
     0 | D:1      | 0 ||| qw: God list: Okawaru
     0 | D:1      | 0 ||| qw: Allow faded altars: false
     0 | D:1      | 0 ||| qw: Do Orc after clearing Dungeon:15 true
     0 | D:1      | 0 ||| qw: Do second Lair branch before Depths: true
     0 | D:1      | 0 ||| qw: Lair rune preference: random
     0 | D:1      | 0 ||| qw: Goals: Normal
     0 | D:1      | 0 ||| PLANNING D:1-11
   193 | D:1      | Reached XP level 2. HP: 16/16 MP: 3/3
   449 | D:1      | 449 ||| UPGRADING to +0 ring mail.
   459 | D:1      | 459 ||| DROPPING +0 robe.
   460 | D:1      | 460 ||| READING scroll labelled NAREDEFIAR.
   461 | D:1      | 461 ||| READING 2 scrolls labelled OPSAIJ SEADWY.
   462 | D:1      | 462 ||| READING scroll labelled SAIMUA TOMESEIS.
   463 | D:1      | 463 ||| READING scroll labelled WOANAE QAIZ.
   475 | D:1      | 475 ||| DRINKING 2 glowing golden potions.
   476 | D:1      | 476 ||| DRINKING 3 viscous amethyst potions.
   477 | D:1      | 477 ||| DROPPING scroll of poison.
   478 | D:1      | 478 ||| DROPPING potion of attraction.
   479 | D:1      | 479 ||| DROPPING scroll of immolation.
   667 | D:2      | Reached skill level 3 in Ranged Weapons
   682 | D:2      | Found an opulent altar of Gozag.
   716 | D:2      | Reached XP level 3. HP: 18/21 MP: 4/4
   748 | D:2      | Identified the +2 dagger of Big Damage {freeze, rPois rF-
                  | rN++ Will+}
  1216 | D:2      | 1216 ||| UPGRADING to +2 helmet.
  1221 | D:2      | 1221 ||| UPGRADING to ring of protection from fire.
  1222 | D:2      | 1222 ||| READING scroll labelled JUIDYEBRIA.
  1223 | D:2      | 1223 ||| READING scroll labelled DOSTUCZISEMP.
  1324 | D:2      | 1324 ||| READING scroll labelled FOFE INORI.
  1328 | D:2      | 1328 ||| DRINKING 2 pink potions.
  1329 | D:2      | 1329 ||| DRINKING 2 emerald potions.
  1349 | D:3      | Found an ancient bone altar of Kikubaaqudgha.
  1350 | D:3      | 1350 ||| PLANNING SEWER
  1421 | D:3      | Reached skill level 1 in Armour
  1428 | D:3      | Reached XP level 4. HP: 26/26 MP: 5/5
  1486 | D:3      | Reached skill level 4 in Ranged Weapons
  1555 | D:3      | Found a glowing drain.
  1558 | D:3      | 1558 ||| READING scroll labelled EMUKHL KUING.
  1559 | D:3      | 1559 ||| READING scroll labelled ZAFRIE DUTO.
  1560 | D:3      | 1560 ||| READING scroll labelled COUPNUM BAPREI.
  1561 | D:3      | 1561 ||| DRINKING 2 lumpy golden potions.
  1562 | D:3      | 1562 ||| READING 2 scrolls of identify.
  1562 | D:3      | 1562 ||| IDENTIFYING murky grey potion
  1563 | D:3      | 1563 ||| DROPPING potion of degeneration.
  1574 | Sewer    | Entered a sewer
  1696 | Sewer    | Noticed a kobold brigand
  1696 | Sewer    | Noticed a kobold brigand
  1706 | Sewer    | HP: 4/26 [kobold brigand/+1 dagger of venom (3)]
  1706 | Sewer    | Slain by a kobold brigand

Levels and vault maps discovered:
D:1:      dpeg_arrival_windows_large_door, layout_rooms
D:2:      layout_basic, basic_altar
D:3:      layout_basic, mainiacjoe_overflow_boulevard, portal_sewer_entry_f,
          minmay_snake_closets, uniq_natasha, uniq_crazy_yiuf_cottage,
          uniq_jessica
Sewer:    kennysheep_pipe_town

Skill      XL: |  1  2  3  4 |
---------------+-------------+-----
Ranged Weapons | 3 4 |  4.3
Fighting       | 2 |  2.0
Armour         | 1 |  1.1
Dodging        | |  1.5
Spellcasting   | |  1.0
Hexes          | |  2.6

Action                     |  1- 3 |  4- 6 || total
---------------------------+-------+-------++-------
   Fire: Sling             |    97 |    95 ||   192
    Use: Scroll            |     7 |     4 ||    11
         Potion            |     4 |     1 ||     5
 Armour: Robe              |     4 |       ||     4
         Ring mail         |    26 |    40 ||    66
  Dodge: Dodged            |    36 |    42 ||    78

Table legend:
 A = Non-vault XP
 B = Vault XP
 C = Vault XP percentage of total XP
 D = Non-vault monster count
 E = Vault monster count
 F = Vault count percentage of total count
                 A         B        C        D         E       F
            +---------+---------+-------+---------+---------+-------
      Total |      64 |      87 |  57.6 |      23 |      27 |  54.0
            +---------+---------+-------+---------+---------+-------
        D:1 |      12 |       0 |   0.0 |       8 |       0 |   0.0
        D:2 |      49 |       0 |   0.0 |      13 |       0 |   0.0
        D:3 |       3 |      61 |  95.3 |       2 |       8 |  80.0
      Sewer |       0 |      26 | 100.0 |       0 |      19 | 100.0
            +---------+---------+-------+---------+---------+-------
